 Dungeon Crawl Stone Soup version 0.29-a0-22-gbf593b16ee (webtiles) character file.

Game seed: 8415953897660987685

1569 Edwards80 the Quickloader (level 8, -3/62 HPs)
             Began as a Minotaur Hunter on Jan 29, 2022.
             Was a Believer of the Shining One.
             Slain by a hornet (5 damage)
             ... while paralysed by a hornet
             ... on level 5 of the Dungeon.
             The game lasted 00:11:59 (3756 turns).

Edwards80 the Quickloader (Minotaur Hunter)         Turns: 3756, Time: 00:11:59

Health: -3/62      AC: 12    Str: 18    XL:     8   Next: 59%
Magic:  7/7        EV:  2    Int:  8    God:    the Shining One [**....]
Gold:   234        SH:  0    Dex: 12    Spells: 7/7 levels left

rFire   . . .      SeeInvis .   a - +1 hand crossbow
rCold   . . .      Faith    .   (no shield)
rNeg    + . .      Spirit   .   r - +0 chain mail
rPois   .          Reflect  .   (helmet restricted)
rElec   .          Harm     .   (no cloak)
rCorr   .          Rampage  .   z - +0 pair of gloves
Will    .....                   (no boots)
Stlth   ..........              A - amulet of regeneration
HPRegen 1.00/turn               (no ring)
MPRegen 0.10/turn               (no ring)

@: paralysed, lethally poisoned (-3 -> -16), slowed, glowing
A: horns 2, retaliatory headbutt
a: Renounce Religion, Divine Shield


You were on level 5 of the Dungeon.
You worshipped the Shining One.
The Shining One was pleased with you.
You visited 1 branch of the dungeon, and saw 5 of its levels.

You collected 262 gold pieces.
You spent 28 gold pieces at shops.

Inventory:

Hand Weapons
 a - a +1 hand crossbow (weapon)
 b - a +1 short sword of holy wrath
 g - a +0 short sword
 o - a +0 dagger of venom
Missiles
 d - a bolt (quivered ammo)
 e - 19 arrows
 m - 2 throwing nets
Armour
 r - a +0 chain mail (worn)
 z - a +0 pair of gloves (worn)
Jewellery
 A - an amulet of regeneration (around neck)
Wands
 B - a wand of flame (8)
Scrolls
 c - 3 scrolls of teleportation {unknown}
 h - a scroll of fear {unknown}
 k - a scroll of summoning {unknown}
 l - a scroll of vulnerability {unknown}
 n - 2 scrolls of fog
 q - 2 scrolls of enchant armour {unknown}
 v - a scroll of immolation {unknown}
 w - 2 scrolls of acquirement {unknown}
 y - a scroll of blinking {unknown}
 C - a scroll of amnesia {unknown}
Potions
 f - a potion of invisibility
 i - 2 potions of resistance
 j - a potion of lignification
 p - a potion of heal wounds {unknown}
 s - a potion of mutation {unknown}
 t - 2 potions of might
 u - a potion of brilliance {unknown}
 x - 2 potions of attraction


   Skills:
 - Level 2.4 Fighting
 - Level 10.0 Crossbows
 + Level 8.5 Armour
 - Level 2.1 Dodging
 - Level 0.7 Stealth


You had 7 spell levels left.
You didn't know any spells.
Your spell library contained the following spells:

 Spells                   Type           Power      Damage    Failure   Level
 Animate Skeleton         Necr           0%         N/A       99%         1
 Apportation              Tloc           0%         N/A       99%         1
 Sting                    Tmut/Pois      0%         1d3       99%         1
 Summon Small Mammal      Summ           0%         N/A       99%         1
 Poisonous Vapours        Pois/Air       0%         N/A       99%         2
 Call Canine Familiar     Summ           0%         N/A       100%        3
 Summon Guardian Golem    Hex/Summ       0%         N/A       100%        3
 Olgreb's Toxic Radiance  Pois           0%         N/A       100%        4
 Alistair's Intoxication  Tmut/Pois      0%         N/A       100%        5


Dungeon Overview and Level Annotations

Branches:
Dungeon (5/15)
 Temple: D:4-7

Altars:
Fedhas
Qazlal
Yredelemnul
The Shining One

Shops:
D:1 !   D:4 ?


Innate Abilities, Weirdness & Mutations

You have a pair of horns on your head.
You reflexively headbutt those who attack you in melee.


Message History

You now have 224 gold pieces (gained 4).
You now have 234 gold pieces (gained 10).
A hornet comes into view.
Found a pair of gloves.
The hornet buzzes angrily.
You shoot a bolt. The bolt closely misses the hornet.
The hornet stings you.
You feel yourself slow down.
You shoot a bolt. The bolt hits the hornet!
The hornet is moderately wounded.
You feel yourself speed up. The hornet stings you!
You feel yourself slow down. The hornet stings you!
You are poisoned.
You feel as though you will be slow longer.
You shoot a bolt. The bolt hits the hornet!
The hornet is severely wounded.
You feel very sick. The hornet stings you!
You feel as though you will be slow longer.
The hornet barely misses you.
You are too injured to fight recklessly!
Fire: 3 bolts
Press: ? - help, Q - select action, (/) - cycle Shift-Dir - straight line, f/p - hornet
Aim: a hornet (severely wounded, haloed, 71% to hit)
You shoot a bolt. The bolt barely misses the hornet.
You feel sick. The hornet stings you!
You are more poisoned.
You feel as though you will be slow longer.
The hornet stings you.
You feel as though you will be slow longer.
The hornet stings you but does no damage.
Fire: 2 bolts
Press: ? - help, Q - select action, (/) - cycle Shift-Dir - straight line, f/p - hornet
Aim: a hornet (severely wounded, haloed, 71% to hit)
You shoot a bolt. The bolt closely misses the hornet.
You feel very sick. The hornet stings you!
* * * LOW HITPOINT WARNING * * *
You are more poisoned.
You suddenly lose the ability to move!
The hornet stings you.
You die...

.# #.#....#
#######..... .#
#...#..# #
#........#.#
.###.#....#######.#
#.######.#.#
#......#..........#
#.#..
.##..#...#####.###.#
#.##. . #....#.# #.#
[# #.# . . ##.#...#
#.###.# #.# . .#
#...#.# ##...# #.# .
.# ###...# ##@## #.#
. ..
.........(y.......#
.#
###########..##.#.#.
. #... .. #.#. ...
#. .# ## .. .# .. .#


You could see a hornet.

Vanquished Creatures
  A centaur zombie (D:5)
  A water moccasin (D:5)
  A black bear (D:5)
  A hornet zombie (D:5)
  2 ogres
  A phantom (D:5)
  A bullfrog (D:5)
  3 scorpions (D:5)
  A water moccasin zombie (D:5)
  A water moccasin skeleton (D:5)
  An orc priest (D:3)
  2 jellies (D:5)
  A hound (D:4)
  An iguana (D:5)
  A hound skeleton (D:5)
  A howler monkey zombie (D:5)
  7 adders
  4 gnolls (D:3)
  An adder skeleton (D:4)
  A worm (D:2)
  A dart slug (D:2)
  6 orcs
  10 bats
  8 endoplasms
  4 giant cockroaches
  3 goblins
  6 hobgoblins
  6 quokkas
  7 ball pythons
  3 frilled lizards
  6 kobolds
  12 rats
105 creatures vanquished.

Notes
Turn   | Place    | Note
-------+----------+-------------------------------------------
     0 | D:1      | Edwards80 the Minotaur Hunter began the quest for the Orb.
     0 | D:1      | Reached XP level 1. HP: 18/18 MP: 0/0
   185 | D:1      | Reached XP level 2. HP: 25/25 MP: 1/1
   251 | D:1      | Reached skill level 5 in Crossbows
   508 | D:1      | Found Baco's Distillery.
   588 | D:1      | Reached XP level 3. HP: 28/30 MP: 2/2
  1112 | D:2      | Reached skill level 6 in Crossbows
  1269 | D:2      | Found a faded altar of an unknown god.
  1302 | D:2      | Prayed at the altar of an unknown god.
  1302 | D:2      | Became a worshipper of the Shining One
  1302 | D:2      | Reached * piety under the Shining One
  1374 | D:2      | Reached XP level 4. HP: 37/37 MP: 3/3
  2057 | D:3      | Reached skill level 7 in Crossbows
  2098 | D:3      | Reached XP level 5. HP: 42/42 MP: 4/4
  2527 | D:4      | Found Vyxey's Magic Scroll Shop.
  2534 | D:4      | Bought a scroll of identify for 28 gold pieces
  2725 | D:4      | Found a basalt altar of Yredelemnul.
  2778 | D:4      | Noticed an ogre
  2781 | D:4      | Killed an ogre
  2782 | D:4      | Reached skill level 8 in Crossbows
  2782 | D:4      | Reached XP level 6. HP: 50/50 MP: 5/5
  3189 | D:5      | Entered Level 5 of the Dungeon
  3250 | D:5      | Found a stormy altar of Qazlal.
  3319 | D:5      | Reached skill level 9 in Crossbows
  3324 | D:5      | Found a blossoming altar of Fedhas.
  3385 | D:5      | Reached skill level 10 in Crossbows
  3385 | D:5      | Reached XP level 7. HP: 40/56 MP: 6/6
  3432 | D:5      | Reached skill level 5 in Armour
  3432 | D:5      | Reached XP level 8. HP: 62/62 MP: 7/7
  3442 | D:5      | Reached ** piety under the Shining One
  3751 | D:5      | Noticed a hornet
  3756 | D:5      | HP: 2/62 [hornet (13)]
  3756 | D:5      | Paralysed by a hornet for 2 turns
  3756 | D:5      | Slain by a hornet

Illustrated notes

Levels and vault maps discovered:
D:1:      lemuel_arrival_rhombus, layout_rooms, serial_shops, shop
D:2:      minmay_recursive_quarters, layout_basic,
          ebering_ecumenical_altar_hall, nicolae_elevator_lobby_plus
D:3:      layout_basic
D:4:      layout_loops_cross, yredelemnul_altar_generic, serial_shops, shop
D:5:      layout_loops_ring, nicolae_qazlal_scattered_showers,
          old_standard_altar, minmay_misc_feat_pillars,
          minmay_fractal_squares_diagonal_5

Skill      XL: |  1  2  3  4  5  6  7  8 |
---------------+-------------------------+-----
Crossbows      | 5 6 7 8 10 | 10.0
Armour         | 3 5 8 |  8.5
Fighting       | |  2.4
Dodging        | |  2.1
Stealth        | |  0.7

Action                   |  1- 3 |  4- 6 |  7- 9 || total
-------------------------+-------+-------+-------++-------
Melee: Dagger            |     6 |       |       ||     6
       Headbutt          |     2 |     5 |     9 ||    16
       Short sword       |       |    10 |    48 ||    58
       Punch             |       |       |     1 ||     1
 Fire: Hand crossbow     |    93 |    78 |    55 ||   226
  Use: Scroll            |     3 |     4 |       ||     7
Armor: Leather armour    |    12 |       |       ||    12
       Chain mail        |       |    16 |    58 ||    74
Dodge: Dodged            |    25 |     9 |    28 ||    62

Table legend: (Time is in decaauts)
 A = Elapsed time spent in this place.
 B = Non-inter-level travel time spent in this place.
 C = Inter-level travel time spent in this place.
 D = Time resting spent in this place.
 E = Time spent auto-exploring this place.
 F = Levels seen in this place.
 G = Mean time per level.
                   A        B        C        D        E       F      G
               +--------+--------+--------+--------+--------+-----+--------+
         Total |   3783 |   3668 |    115 |      0 |   2633 |   5 |  756.6 |
       Dungeon |   3783 |   3668 |    115 |      0 |   2633 |   5 |  756.6 |
               +--------+--------+--------+--------+--------+-----+--------+

Top non-repeatable levels by time:
     D:2: 881 daAuts
     D:3: 843 daAuts
     D:1: 780 daAuts
     D:4: 707 daAuts
     D:5: 570 daAuts
